Map: [ESL] Data-C

Players

Future

  • Race: Terran Terran
  • Spawn Location: 3:00

PureLegacy - Winner!

  • Race: Terran Terran
  • Spawn Location: 9:00

Event: DreamHack SC2 Masters 2022 Atlanta (Online)

VOD

Have the link to the VOD?

Description

Time

  • Played on: Oct. 5, 2022, 6:01 p.m.
  • Length: 15:30

All games in this series

Show
View Real Time Build Order
Export as new Build Order

Future Terran 

Build Orders: 1/1/1 

Get SALT Encoding   

  12  0:00  SCV  
  13  0:12  SCV  
  14  0:17  Supply Depot  
  14  0:24  SCV  
  15  0:38  SCV  
  15  0:40  Barracks  
  16  0:43  Refinery  
  16  0:50  SCV  
  16  0:53  Refinery  
  17  1:02  SCV  
  18  1:15  SCV  
  19  1:27  Reaper, Orbital Command  
  19  1:32  Supply Depot  
  20  1:41  Factory  
  20  1:52  SCV  
  21  1:59  Barracks Reactor  
  21  2:04  SCV  
  22  2:16  SCV  
  23  2:25  Hellion  
  23  2:26  Starport  
  23  2:29  SCV  
  26  2:33  Supply Depot  
  26  2:35  Reaper x2  
  28  2:42  SCV  
  29  2:46  Hellion  
  31  2:56  Supply Depot  
  31  3:02  Medivac  
  33  3:07  Hellion  
  35  3:12  Starport  
  35  3:18  Fusion Core, Marine x2  
  37  3:27  Supply Depot  
  37  3:28  Factory Tech Lab  
  37  3:36  Starport Tech Lab  
  37  3:55  Command Center  
  37  3:56  Marine x2  
  31  4:14  Marine x2  
  31  4:15  SCV  
  33  4:23  Battlecruiser  
  39  4:35  Command Center  
  39  4:36  SCV  
  40  4:43  Marine x2  
  42  4:48  SCV  
  42  4:50  Siege Tank  
  46  4:59  Refinery  
  46  5:00  SCV  
  46  5:06  Marine x2  
  49  5:14  SCV  
  50  5:28  Starport Tech Lab  
  50  5:29  SCV  
  50  5:32  Siege Tank  
  54  5:39  Supply Depot  
  52  5:49  SCV  
  53  5:50  Orbital Command  
  50  6:00  Command Center  
  50  6:05  SCV  
  48  6:15  Battlecruiser  
  48  6:17  SCV  
  48  6:18  SCV  
  51  6:29  SCV  
  51  6:30  SCV  
  51  6:32  Refinery  
  51  6:36  Weapon Refit  
  51  6:41  SCV  
  51  6:42  SCV  
  53  6:48  Siege Tank  
  53  6:53  SCV  
  57  6:54  SCV  
  57  6:57  Marine x2  
  60  7:05  SCV  
  60  7:06  SCV  
  60  7:07  Factory  
  62  7:12  Orbital Command  
  62  7:16  Marine x2  
  62  7:17  SCV  
  62  7:18  SCV  
  66  7:23  Siege Tank  
  66  7:29  SCV  
  69  7:30  SCV  
  69  7:34  Marine x2  
  72  7:38  SCV  
  73  7:46  SCV x2  
  73  7:49  Battlecruiser  
  73  7:50  SCV  
  78  7:58  SCV x2, Marine x2  
  80  8:02  Factory Tech Lab  
  80  8:03  Siege Tank  
  85  8:06  SCV  
  85  8:10  SCV  
  87  8:15  Marine  
  87  8:16  Marine  
  87  8:17  SCV  
  90  8:21  SCV  
  91  8:29  SCV  
  91  8:32  SCV  
  92  8:34  Marine  
  93  8:41  Siege Tank x2, Marine  
  100  8:56  Marine  
  79  9:18  Siege Tank  
  79  9:19  Siege Tank  
  79  9:20  Orbital Command  
  82  9:25  SCV  
  83  9:32  SCV  
  83  9:37  Battlecruiser  
  90  9:39  SCV  
  90  9:41  Command Center  
  90  9:42  Refinery  
  90  9:45  Refinery  
  91  9:48  Supply Depot  
  91  9:50  SCV  
  91  9:51  SCV  
  93  9:57  SCV  
  94  10:03  Siege Tank x2  
  94  10:05  SCV x2  
  102  10:09  SCV  
  103  10:17  SCV  
  103  10:18  SCV  
  103  10:20  Mag-Field Accelerator  
  105  10:21  SCV  
  106  10:29  Supply Depot x2, SCV  
  106  10:30  Supply Depot, SCV  
  106  10:32  Supply Depot  
  106  10:33  SCV  
  109  10:41  Battlecruiser, SCV  
  109  10:42  SCV  
  117  10:50  Siege Tank  
  117  10:54  Siege Tank  
  120  10:58  SCV x2  
  120  10:59  SCV  
  123  11:07  Factory  
  123  11:09  Factory  
  123  11:11  Command Center, Refinery  
  123  11:12  Refinery  
  123  11:23  Siege Tank  
  123  11:24  SCV x2  
  122  11:36  Siege Tank  
  122  11:39  SCV  
  126  11:41  Factory  
  120  11:51  Battlecruiser  
  120  11:52  SCV x2  
  120  11:53  SCV  
  116  11:59  Engineering Bay  
  116  12:01  Command Center  
  116  12:09  Factory Tech Lab x2  
  116  12:11  Cyclone  
  116  12:12  Cyclone  
  122  12:33  Orbital Command  
  122  12:34  Planetary Fortress  
  122  12:41  Cyclone  
  122  12:42  Cyclone  
  122  12:43  Cyclone  
  131  12:44  Cyclone  
  131  12:45  Factory Tech Lab  
  131  12:48  Missile Turret x2  
  131  12:49  Missile Turret  
  131  12:50  Missile Turret  
  134  12:51  Missile Turret  
  134  12:52  Missile Turret  
  134  12:53  Missile Turret  
  134  12:55  Missile Turret  
  134  13:01  Battlecruiser  
  140  13:06  Infernal Pre-Igniter  
  140  13:14  Cyclone x2  
  146  13:21  Command Center  
  133  13:36  Siege Tank x3  
  139  13:46  Cyclone x2  
  118  14:08  Cyclone x2  
  122  14:12  Cyclone  
  125  14:18  Cyclone, Command Center  
  125  14:19  Cyclone  
  131  14:28  SCV  
  131  14:29  SCV x2  
  128  14:34  Orbital Command  
  128  14:40  Cyclone x2  
  128  14:44  Cyclone  
  131  14:47  Orbital Command  
  131  14:50  Cyclone  
  131  14:51  Cyclone  
  134  14:52  Command Center  
  137  15:17  Command Center  
  137  15:19  Refinery  
Show
View Real Time Build Order
Export as new Build Order

PureLegacy Terran - Winner!

Build Orders: Gas First Reaper Expand, Hellion Opening, Mech 

Get SALT Encoding   

  12  0:00  SCV  
  13  0:12  SCV  
  14  0:17  Supply Depot  
  14  0:24  SCV  
  14  0:27  Refinery  
  15  0:38  SCV  
  16  0:44  Barracks  
  16  0:50  SCV  
  17  1:03  SCV  
  18  1:15  SCV  
  19  1:31  Reaper, Orbital Command  
  20  1:45  Command Center  
  20  1:55  Factory  
  20  1:59  SCV  
  21  2:06  Barracks Reactor  
  21  2:12  Supply Depot, SCV  
  22  2:18  Refinery  
  22  2:24  SCV  
  23  2:38  SCV  
  24  2:44  Starport  
  24  2:48  Hellion x2  
  24  2:50  SCV  
  29  2:57  Orbital Command  
  29  2:59  Barracks Tech Lab  
  29  3:05  SCV  
  30  3:14  Hellion x2  
  33  3:21  Viking  
  33  3:23  SCV  
  37  3:34  Supply Depot  
  36  3:36  Hellion x2  
  36  3:39  SCV x2  
  42  3:51  Viking  
  43  3:56  SCV  
  43  3:59  Hellion  
  43  4:00  Hellion  
  42  4:15  SCV x2  
  42  4:26  Engineering Bay  
  42  4:27  SCV x2  
  42  4:30  Refinery  
  44  4:31  Siege Tank  
  47  4:39  SCV x2  
  47  4:40  Supply Depot  
  47  4:44  Viking  
  51  4:45  Viking  
  51  4:51  SCV  
  51  4:52  SCV  
  53  5:03  SCV  
  53  5:04  SCV, Missile Turret  
  53  5:06  Missile Turret  
  55  5:07  Supply Depot  
  55  5:09  Siege Tank  
  58  5:15  SCV  
  58  5:16  SCV  
  60  5:27  SCV  
  62  5:28  SCV  
  62  5:30  Supply Depot, Command Center  
  62  5:34  Refinery  
  62  5:47  Viking x2  
  64  5:51  SCV  
  63  6:00  SCV  
  63  6:01  Siege Tank  
  61  6:17  Viking x2, SCV x2  
  65  6:29  SCV x2  
  65  6:33  Siege Tank  
  65  6:36  Refinery  
  68  6:41  SCV x2  
  68  6:44  Factory x2  
  70  6:48  Orbital Command  
  70  6:53  SCV  
  70  6:54  SCV  
  72  6:59  Command Center  
  72  7:05  Supply Depot  
  72  7:06  Supply Depot, SCV x2  
  78  7:13  Siege Tank  
  78  7:15  Orbital Command  
  78  7:18  SCV x2  
  79  7:23  Refinery x2  
  79  7:24  Liberator  
  79  7:25  Viking  
  84  7:30  SCV, Factory Tech Lab  
  84  7:31  Factory Reactor  
  84  7:33  SCV  
  86  7:42  SCV  
  87  7:45  SCV  
  87  7:50  SCV  
  89  7:54  SCV  
  89  7:55  Viking, Missile Turret  
  89  7:58  SCV  
  93  8:02  SCV  
  94  8:06  SCV  
  94  8:10  SCV  
  98  8:13  Factory Tech Lab, Siege Tank, Factory Reactor  
  98  8:15  SCV  
  98  8:18  SCV  
  101  8:21  Viking  
  101  8:22  SCV  
  101  8:27  SCV  
  99  8:28  SCV  
  99  8:30  SCV  
  99  8:33  Siege Tank  
  103  8:34  SCV  
  103  8:39  SCV  
  105  8:42  SCV  
  105  8:43  Supply Depot, Factory x2  
  105  8:46  SCV  
  107  8:51  SCV, Viking  
  107  8:54  SCV  
  110  8:55  Missile Turret  
  110  8:56  Hellion  
  110  8:57  Hellion  
  110  9:01  Siege Tank  
  110  9:02  SCV  
  118  9:04  Supply Depot x2  
  118  9:05  SCV  
  118  9:07  Missile Turret  
  118  9:08  Missile Turret  
  110  9:18  Missile Turret  
  110  9:19  Missile Turret  
  110  9:21  Viking  
  101  9:32  Factory Tech Lab, Siege Tank, Factory Reactor  
  101  9:35  SCV  
  101  9:36  SCV  
  101  9:37  Orbital Command, Starport  
  106  9:39  SCV  
  106  9:40  Refinery x2  
  107  9:47  Hellion x2  
  107  9:48  SCV  
  107  9:52  SCV x2, Sensor Tower  
  116  9:54  Siege Tank  
  116  9:55  Sensor Tower  
  116  9:58  Starport Reactor  
  117  10:01  SCV  
  117  10:03  Siege Tank  
  117  10:04  SCV  
  122  10:10  Hellion x3, Siege Tank  
  122  10:11  Hellion  
  122  10:14  SCV x3  
  131  10:15  Starport Reactor  
  131  10:19  Armory  
  131  10:20  SCV, Armory  
  133  10:22  Supply Depot  
  133  10:25  Supply Depot  
  133  10:28  Siege Tank  
  136  10:41  Viking x2  
  131  10:55  Viking x2  
  118  11:00  Cyclone x2  
  118  11:01  Cyclone  
  118  11:03  SCV x2  
  118  11:04  SCV  
  128  11:10  Hellion x4  
  128  11:11  Viking x2  
  128  11:16  Terran Vehicle Weapons Level 1, Terran Vehicle And Ship Armor Level 1  
  128  11:17  Smart Servos, Infernal Pre-Igniter  
  130  11:20  Mag-Field Accelerator  
  130  11:25  Viking x2  
  132  11:32  Siege Tank  
  133  11:33  Siege Tank  
  136  11:41  Viking x2  
  132  11:52  SCV x3  
  130  11:55  Viking  
  130  11:56  Orbital Command  
  130  11:57  Viking  
  130  11:58  Siege Tank  
  130  11:59  Hellion x3  
  143  12:04  SCV x3  
  144  12:10  Missile Turret  
  144  12:11  Viking, Siege Tank  
  144  12:12  Refinery  
  146  12:15  Supply Depot  
  146  12:16  Supply Depot, SCV, Siege Tank  
  146  12:18  Supply Depot x2  
  144  12:30  Viking x2  
  144  12:31  Viking  
  144  12:33  SCV x2  
  150  12:37  SCV  
  150  12:38  SCV  
  150  12:41  Viking  
  150  12:42  Starport  
  154  12:45  SCV  
  154  12:50  Sensor Tower  
  155  12:55  Sensor Tower  
  155  13:00  Viking x2  
  155  13:01  Armory  
  155  13:02  Command Center  
  156  13:09  Viking  
  158  13:13  Terran Vehicle And Ship Armor Level 2  
  158  13:14  Terran Ship Weapons Level 1  
  158  13:17  Viking  
  158  13:30  Viking  
  158  13:32  Viking  
  150  13:36  Starport Reactor  
  150  13:39  Viking  
  147  13:47  Viking  
  149  13:54  Siege Tank x2  
  149  13:55  Siege Tank  
  154  13:59  Hellion x4  
  154  14:00  Viking  
  154  14:02  Viking  
  163  14:09  Viking  
  166  14:10  SCV x4  
  166  14:11  Refinery  
  166  14:15  Missile Turret x2  
  166  14:17  Viking, Missile Turret  
  169  14:18  Refinery  
  169  14:26  Viking x2  
  169  14:30  Viking  
  174  14:32  Viking  
  176  14:46  Cyclone x2  
  176  14:47  Cyclone  
  176  14:52  Planetary Fortress  
Tags
 
Add a new tag
Caveats
  • Supply blocks, unpowered buildings, or Contaminate may cause inaccurate times.
  • Supply counts are checked every 10 seconds.